 Dungeon Crawl Stone Soup version 0.31-a0-986-g5e6e4ef867 (webtiles) character file.

Game seed: 11596787243010069871

100018 Persephone the Severer (level 15, -17/136 HPs)
             Began as a Minotaur Monk on Nov 13, 2023.
             Was a High Priest of Okawaru.
             Demolished by a red ugly thing (23 damage)
             ... on level 15 of the Dungeon.
             The game lasted 00:52:35 (29069 turns).

Persephone the Severer (Minotaur Monk)             Turns: 29069, Time: 00:52:36

Health: -17/136    AC: 23    Str: 29    XL:     15   Next: 79%
Magic:  22/22      EV: 10    Int:  7    God:    Okawaru [*****.]
Gold:   2148       SH:  0    Dex: 13    Spells: 14/14 levels left

rFire   . . .        j - +27 heavy crossbow "Sniper" {heavy, Acc+∞ SInv}
rCold   . . .        (shield currently unavailable)
rNeg    + . .        v - +0 plate armour {Will+}
rPois   .            K - +2 hat
rElec   .            o - +1 cloak {rCorr}
rCorr   +            D - +0 pair of gloves
SInv    +            s - +0 pair of boots
Will    ++...        i - amulet of faith Stlth
                     k - ring "Vaankaucw" {rN+ Str+6}
HPRegen 0.42/turn    T - ring of Shadows {Umbra +Inv Stlth+}
MPRegen 0.18/turn

%: faith
@: wreathed by umbra
A: horns 2, retaliatory headbutt
a: Renounce Religion, Evoke Invisibility, Heroism, Finesse, Duel


You were on level 15 of the Dungeon.
You worshipped Okawaru.
Okawaru was extremely pleased with you.
You visited 4 branches of the dungeon, and saw 23 of its levels.

You collected 2554 gold pieces.
You spent 406 gold pieces at shops.

Inventory:

Hand Weapons
 j - the +27 heavy crossbow "Sniper" (weapon) {heavy, Acc+∞ SInv}
   (You found it on level 13 of the Dungeon)

   Acc+∞: It never misses its target.
   SInv:      It lets you see invisible.
 N - a +3 broad axe of flaming
Missiles
 a - 12 silver javelins
Armour
 o - a +1 cloak of preservation (worn)
 s - a +0 pair of boots (worn)
 v - a +0 plate armour of willpower (worn)
 D - a +0 pair of gloves (worn)
 K - a +2 hat (worn)
Jewellery
 h - a ring of resist corrosion
 i - an amulet of faith (around neck)
 k - the ring "Vaankaucw" (left hand) {rN+ Str+6}
   (You acquired it on level 4 of the Dungeon)

   [ring of strength]

   Str+6:     It affects your strength (+6).
   rN+:       It protects you from negative energy.
 u - an amulet of the acrobat
 w - a ring of protection from cold
 C - a ring of see invisible
 M - an amulet of guardian spirit
 O - a ring of flight
 P - a +6 ring of intelligence
 T - the ring of Shadows (right hand) {Umbra +Inv Stlth+}
   (You found it on level 2 of the Lair of Beasts)

   [ring of stealth]

   Umbra:     It surrounds you with an aura of shadow, increasing your stealth
   and reducing the accuracy of all others within it.
   +Inv:      It lets you turn invisible.
   Stlth+:    It makes you more stealthy.
Wands
 b - a wand of mindburst (21)
 B - a wand of polymorph (7)
 E - a wand of iceblast (26)
 F - a wand of flame (51)
 H - a wand of quicksilver (10)
 V - a wand of digging (4)
Scrolls
 d - a scroll of torment
 f - 3 scrolls of poison
 l - 2 scrolls of fear
 m - 2 scrolls of silence
 r - 5 scrolls of noise
 y - 3 scrolls of enchant armour
 z - 3 scrolls of amnesia
 G - 2 scrolls of vulnerability
 L - 2 scrolls of revelation
 Q - 2 scrolls of teleportation
 R - 14 scrolls of identify
 S - a scroll of brand weapon
 X - a scroll of immolation
Potions
 c - a potion of enlightenment {unknown}
 e - 4 potions of lignification
 g - 3 potions of degeneration
 n - 3 potions of attraction
 p - 11 potions of curing
 q - 3 potions of cancellation
 t - 8 potions of mutation
 x - 5 potions of ambrosia
 A - 8 potions of brilliance
 I - a potion of haste {unknown}
 J - a potion of might {unknown}
 U - a potion of heal wounds {unknown}
 W - a potion of magic {unknown}


   Skills:
 - Level 13.5 Fighting
 - Level 20.0 Axes
 + Level 10.1 Ranged Weapons
 - Level 10.6 Throwing
 - Level 13.0 Armour
 - Level 4.5 Dodging
 - Level 11.0 Invocations


You had 14 spell levels left.
You didn't know any spells.
Your spell library contained the following spells:

 Spells                   Type           Power      Damage    Failure   Level
 Apportation              Tloc           0%         N/A       96%         1
 Necrotise                Necr           0%         1d4       96%         1
 Sandblast                Erth           0%         2d4       96%         1
 Blink                    Tloc           0%         N/A       99%         2
 Cigotuvi's Dreadful Rot  Necr/Pois/Air  0%         N/A       99%         2
 Jinxbite                 Hex            0%         N/A       99%         2
 Lesser Beckoning         Tloc           0%         N/A       99%         2
 Momentum Strike          Conj/Tloc      0%         3d8       99%         2
 Passwall                 Tmut/Erth      0%         N/A       99%         2
 Scorch                   Fire           0%         2d5       99%         2
 Dazzling Flash           Conj/Hex       0%         N/A       100%        3
 Sigil of Binding         Hex            0%         N/A       100%        3
 Stone Arrow              Conj/Erth      0%         3d7       100%        3
 Vampiric Draining        Necr           0%         2d6       100%        3
 Volatile Blastmotes      Fire/Tloc      0%         2d10      100%        3
 Brom's Barrelling Bould  Conj/Erth      0%         2d3       100%        4
 Dimensional Bullseye     Hex/Tloc       0%         N/A       100%        4
 Dispel Undead            Necr           0%         3d6       100%        4
 Flame Wave               Conj/Fire      0%         2d4       100%        4
 Fulminant Prism          Conj/Hex       0%         3d5       100%        4
 Iskenderun's Mystic Bla  Conj/Tloc      0%         2d3       100%        4
 Leda's Liquefaction      Hex/Erth       0%         N/A       100%        4
 Agony                    Necr           0%         N/A       100%        5
 Alistair's Intoxication  Tmut/Pois      0%         N/A       100%        5
 Starburst                Conj/Fire      0%         6d3       100%        6
 Maxwell's Capacitive Co  Air            0%         ∞         100%        8
 Summon Small Mammal      Summ           Unusable   N/A       N/A         1
 Call Canine Familiar     Summ           Unusable   N/A       N/A         3
 Summon Guardian Golem    Hex/Summ       Unusable   N/A       N/A         3
 Death Channel            Necr           Unusable   N/A       N/A         6
 Summon Cactus Giant      Summ           Unusable   N/A       N/A         6

Dungeon Overview and Level Annotations

Branches:
Dungeon (15/15)            Temple (1/1) D:5            Lair (5/5) D:11
 Shoals (0/4) Lair:3        Snake (0/4) Lair:2        Slime (0/5) Lair:5
    Orc (2/2) D:12            Elf (0/3) Orc:2        Vaults (0/5) D:14
 Depths: D:15

Altars:
Ashenzari
Cheibriados
Dithmenos
Elyvilon
Fedhas
Gozag
Kikubaaqudgha
Makhleb
Nemelex Xobeh
Okawaru
Ru
Sif Muna
Trog
Uskayaw
Vehumet
Wu Jian
Xom
Yredelemnul
Zin
The Shining One
Jiyva

Shops:
D:9 [*!   D:10 [!???   Orc:2 =(*

Portals:
Abyss: Orc:1
Pandemonium: Orc:2

Annotations:
D:7 1 runed translucent door, dialectric's ghost, novice SpDe
D:10 exclusion: orange crystal statue
D:13 3 runed translucent doors, exclusion: obsidian statue, jejorda2's ghost, journeyman GnBe
Orc:1 2 transporters, Omilar's ghost, journeyman DsNe


Innate Abilities, Weirdness & Mutations

You have a pair of horns on your head.
You reflexively headbutt those who attack you in melee.


Message History

Fire: j) +27 heavy crossbow "Sniper" {heavy, Acc+∞ SInv}
Press: ? - help, Shift-Dir - straight line, f/p - white ugly thing
Aim: a white ugly thing (severely wounded, umbra, 100% to hit)
You shoot a bolt. The bolt hits the red ugly thing!!!
The red ugly thing is severely wounded.
The red ugly thing bites you.
You are engulfed in flames!!
The red ugly thing stings you but does no damage.
The red ugly thing barely misses you. The red ugly thing closely misses you.
The red ugly thing bites you but does no damage.
The red ugly thing stings you but does no damage.
Fire: j) +27 heavy crossbow "Sniper" {heavy, Acc+∞ SInv}
Press: ? - help, Shift-Dir - straight line, f/p - white ugly thing
Aim: a white ugly thing (severely wounded, umbra, 100% to hit)
You shoot a bolt. The bolt hits the white ugly thing!
The white ugly thing is almost dead.
The white ugly thing closely misses you.
The red ugly thing barely misses you. You furiously retaliate!
You headbutt the red ugly thing! The red ugly thing bites you.
You are engulfed in flames!!
The white ugly thing closely misses you.
You furiously retaliate!
You headbutt the white ugly thing!
You kill the white ugly thing!
Okawaru accepts your kill. The red ugly thing stings you.
You are engulfed in flames!
The red ugly thing bites you!
You are engulfed in flames!!
* * * LOW HITPOINT WARNING * * *
Fire: j) +27 heavy crossbow "Sniper" {heavy, Acc+∞ SInv}
Press: ? - help, Shift-Dir - straight line, f - red ugly thing
Aim: a red ugly thing (heavily wounded, umbra, 100% to hit)
You shoot a bolt. The bolt hits the red ugly thing!!!
You kill the red ugly thing!
Okawaru accepts your kill. The red ugly thing stings you.
* * * LOW HITPOINT WARNING * * *
You are engulfed in flames!
* * * LOW HITPOINT WARNING * * *
The red ugly thing barely misses you. The red ugly thing stings you!
* * * LOW HITPOINT WARNING * * *
You are engulfed in flames!!
You die...

#.# #.# #.# #.#
#.# #.#
#######.#######.
.......u........
......†@........
########..####.#
#..# .
#########..###...
...............#
...............#
...........##...#.
########...##.#...
#...##.##.# # #


You could see a red ugly thing.

Vanquished Creatures
  A storm dragon (D:13)
  A frost giant (D:13)
  2 orc warlords (Orc:2)
  Josephine (Orc:2)
  5 slime creatures
  A vault guard (D:14)
  A hydra (Lair:5)
  Erolcha (Orc:1)
  An anaconda (Lair:3)
  2 ogre magi (D:15)
  2 demonspawn (Orc:2)
  6 boulder beetles
  5 centaur warriors
  A catoblepas (Lair:5)
  Erica (D:8)
  2 tengu warriors
  2 deep troll earth magi
  2 death yaks (Lair:3)
  6 two-headed ogres
  Nergalle (D:11)
  7 orc high priests (Orc:2)
  Urug (Lair:5)
  2 skysharks
  A soul eater (Orc:2)
  A goliath frog (Lair:5)
  A skeletal warrior (D:15)
  Pikel (D:7)
  A lindwurm (Lair:4)
  2 deep elf pyromancers (D:13)
  7 orc knights
  5 orc sorcerers (Orc:2)
  4 harpies (Lair:3)
  An oklob plant (Lair:4)
  6 manticores
  9 ugly things
  An elephant (Lair:3)
  Maurice (Orc:2)
  7 cyclopes
  A rust devil (Orc:2)
  A guardian serpent (shapeshifter) (D:14)
  3 black mambas
  3 gargoyles
  Jeremiah (D:7)
  24 cane toads
  A cane toad (shapeshifter) (D:15)
  A freezing wraith (D:14)
  An unseen horror (D:13)
  2 unseen horror zombies (D:9)
  7 rime drakes
  2 kobold demonologists (D:13)
  2 tengu conjurers (D:13)
  An efreet (D:13)
  6 komodo dragons
  An ice devil (Orc:2)
  2 red devils (Orc:2)
  A tyrant leech (Lair:5)
  3 meliai (D:14)
  3 trolls
  A queen bee (shapeshifter) (D:15)
  A hornet (D:11)
  2 polar bears
  32 blink frogs
  Sigmund (D:4)
  A shadow (D:11)
  A water elemental (D:13)
  A vampire (D:10)
  4 wyverns
  7 wraiths
  28 yaks
  Grum (D:8)
  Eustachio (D:4)
  10 vampire mosquitoes
  5 basilisks
  Menkaure (D:6)
  2 steam dragons
  Edmund (D:6)
  8 wargs
  3 nagas (Lair:2)
  18 water moccasins
  46 orc warriors
  A sky beast (D:7)
  An ice beast (D:6)
  3 black bears
  18 wolves
  3 boggarts (D:14)
  10 centaurs
  8 ogres
  A lemure (D:7)
  2 phantoms (D:6)
  3 kobold brigands
  12 bullfrogs
  4 gnoll sergeants
  6 scorpions
  11 wights
  12 killer bees
  3 electric eels
  3 howler monkeys
  4 centaur zombies (D:9)
  4 hounds
  Crazy Yiuf (D:2)
  30 orc priests
  2 jellies (D:7)
  3 iguanas
  Jessica (D:2)
  35 orc wizards
  4 hell rats (Lair:4)
  3 sleepcaps
  A killer bee zombie (D:9)
  2 howler monkey zombies (D:9)
  22 gnolls
  2 adders
  2 shadow imps (D:6)
  3 white imps
  5 ufetubi (D:6)
  A worm (D:2)
  3 dart slugs
  100 orcs
  5 endoplasms
  4 giant cockroaches
  4 goblins
  4 hobgoblins
  A jackal (D:9)
  18 kobolds
  4 quokkas
  4 ball pythons
  8 bats
  6 frilled lizards
  5 rats
735 creatures vanquished.

Notes
Turn   | Place    | Note
-------+----------+-------------------------------------------
     0 | D:1      | Persephone the Minotaur Monk began the quest for the Orb.
     0 | D:1      | Reached XP level 1. HP: 19/19 MP: 0/0
    56 | D:1      | Reached skill level 4 in Axes
   112 | D:1      | Reached XP level 2. HP: 26/26 MP: 1/1
   284 | D:1      | Reached skill level 5 in Axes
   445 | D:1      | Reached XP level 3. HP: 30/31 MP: 2/2
   830 | D:2      | Found a runed translucent door.
   832 | D:2      | Noticed Crazy Yiuf
  1357 | D:2      | Noticed Jessica
  1364 | D:2      | Killed Jessica
  1365 | D:2      | Reached skill level 6 in Axes
  1365 | D:2      | Reached XP level 4. HP: 31/39 MP: 3/3
  1568 | D:2      | Killed Crazy Yiuf
  1938 | D:3      | Reached skill level 7 in Axes
  1938 | D:3      | Reached XP level 5. HP: 23/45 MP: 4/4
  2810 | D:4      | Reached skill level 8 in Axes
  2810 | D:4      | Reached XP level 6. HP: 21/51 MP: 5/5
  2926 | D:4      | Noticed Sigmund
  2936 | D:4      | Killed Sigmund
  2937 | D:4      | Reached skill level 9 in Axes
  3352 | D:4      | Noticed Eustachio
  3393 | D:4      | Killed Eustachio
  3394 | D:4      | Reached skill level 10 in Axes
  3394 | D:4      | Reached XP level 7. HP: 54/57 MP: 6/6
  3404 | D:4      | Identified the +2 sling of Cocytus {speed, rN+ Will+}
  3729 | D:4      | Identified a scroll of acquirement
  3729 | D:4      | Acquired the ring "Vaankaucw" {rN+ Str+6}
  3840 | D:5      | Entered Level 5 of the Dungeon
  3993 | D:5      | Found a staircase to the Ecumenical Temple.
  4044 | Temple   | Entered the Ecumenical Temple
  4053 | Temple   | Became a worshipper of Warmaster Okawaru
  4053 | Temple   | Reached * piety under Okawaru
  4053 | Temple   | Reached ** piety under Okawaru
  4180 | D:5      | Reached skill level 11 in Axes
  4694 | D:6      | Reached XP level 8. HP: 64/64 MP: 7/7
  4866 | D:6      | Reached skill level 12 in Axes
  5348 | D:6      | Reached skill level 13 in Axes
  5438 | D:6      | Noticed Edmund
  5444 | D:6      | Killed Edmund
  5521 | D:6      | Reached *** piety under Okawaru
  5522 | D:6      | Reached skill level 14 in Axes
  5601 | D:6      | Noticed Menkaure
  5608 | D:6      | Killed Menkaure
  5609 | D:6      | Reached XP level 9. HP: 42/70 MP: 5/8
  6259 | D:7      | Noticed Pikel
  6263 | D:7      | Killed Pikel
  6264 | D:7      | Reached skill level 15 in Axes
  6286 | D:7      | Found a runed translucent door.
  6286 | D:7      | Noticed dialectric's ghost (novice SpDe)
  6364 | D:7      | Identified the +3 leather armour of the Game of Life {Will+
                  | rCorr Int+3}
  6620 | D:7      | Noticed Jeremiah
  6634 | D:7      | Killed Jeremiah
  6635 | D:7      | Reached skill level 16 in Axes
  6893 | D:8      | Noticed Erica
  6908 | D:8      | Killed Erica
  6908 | D:8      | Reached **** piety under Okawaru
  6909 | D:8      | Reached skill level 17 in Axes
  6909 | D:8      | Reached XP level 10. HP: 65/77 MP: 7/9
  6963 | D:8      | Reached ***** piety under Okawaru
  7623 | D:8      | Noticed Grum
  7627 | D:8      | Reached skill level 18 in Axes
  7640 | D:8      | Killed Grum
  7997 | D:8      | Found a broken altar of Ashenzari.
  8072 | D:9      | Found Nybi's Armour Boutique.
  8367 | D:9      | Reached skill level 19 in Axes
  9086 | D:9      | Found a basalt altar of Yredelemnul.
  9096 | D:9      | Reached XP level 11. HP: 74/82 MP: 10/10
  9163 | D:9      | Found Etucazot's Distillery.
  9263 | D:9      | Found Dakhughi's Assorted Antiques.
  9341 | D:10     | Entered Level 10 of the Dungeon
  9341 | D:10     | Noticed a two-headed ogre
  9347 | D:10     | Killed a two-headed ogre
  9348 | D:10     | Reached skill level 20 in Axes
  9456 | D:10     | Reached skill level 1 in Armour
  9464 | D:10     | Reached skill level 1 in Invocations
  9478 | D:10     | Found Zifocaul's Antique Armour Shoppe.
  9654 | D:10     | Bought a shiny buckler for 210 gold pieces
  9654 | D:10     | Bought a glowing hat for 196 gold pieces
  9755 | D:10     | Found Loaqoun's Distillery.
  9868 | D:10     | Found Jirrio's Magic Scroll Emporium.
  9915 | D:10     | Reached skill level 5 in Fighting
 10018 | D:10     | Found Plog's Magic Scroll Boutique.
 10336 | D:10     | Noticed an orange crystal statue
 10346 | D:10     | Noticed a centaur warrior
 10799 | D:10     | Found Cemomn's Magic Scroll Shop.
 11094 | D:11     | Noticed a white ugly thing
 11113 | D:11     | HP: 3/88 [white ugly thing (30)]
 11114 | D:11     | Killed a white ugly thing
 11115 | D:11     | Reached skill level 1 in Throwing
 11400 | D:11     | Noticed a centaur warrior
 11411 | D:11     | Killed a centaur warrior
 11411 | D:11     | Received a gift from Okawaru
 11501 | D:11     | Noticed a two-headed ogre
 11510 | D:11     | Killed a two-headed ogre
 11849 | D:11     | Reached skill level 5 in Armour
 11948 | D:11     | Found a staircase to the Lair.
 11951 | D:11     | Noticed a white ugly thing
 11962 | D:11     | Killed a white ugly thing
 12239 | D:11     | Noticed Nergalle
 12260 | D:11     | Killed Nergalle
 12342 | D:12     | Identified the +4 mace of Yesterday {flame, rC+}
 12608 | D:12     | Reached XP level 12. HP: 100/100 MP: 6/14
 12731 | D:12     | Noticed a two-headed ogre
 12742 | D:12     | Killed a two-headed ogre
 12880 | D:12     | Reached skill level 5 in Invocations
 12903 | D:12     | Noticed a boulder beetle
 12926 | D:12     | Killed a boulder beetle
 13158 | D:12     | Found a staircase to the Orcish Mines.
 13689 | Lair:1   | Entered Level 1 of the Lair of Beasts
 13792 | Lair:1   | Reached skill level 5 in Throwing
 14371 | Lair:1   | Received a gift from Okawaru
 14854 | Lair:2   | Reached ****** piety under Okawaru
 14855 | Lair:2   | Acquired a +2 broad axe of flaming
 14855 | Lair:2   | Received a gift from Okawaru
 14858 | Lair:2   | Acquired the +0 cloak of Time Monsters {Dex+5}
 14858 | Lair:2   | Received a gift from Okawaru
 15038 | Lair:2   | Found a staircase to the Snake Pit.
 15306 | Lair:2   | Found the ring of Shadows {Umbra +Inv Stlth+}
 15500 | Lair:2   | You fall into a shaft and drop 1 floor!
 15500 | Lair:3   | Noticed a death yak
 15500 | Lair:3   | Noticed an anaconda
 15507 | Lair:3   | Killed an anaconda
 15509 | Lair:3   | Killed a death yak
 15516 | Lair:3   | Received a gift from Okawaru
 15517 | Lair:3   | Reached XP level 13. HP: 47/111 MP: 10/17
 15812 | Lair:3   | Found a staircase to the Shoals.
 15820 | Lair:3   | Reached skill level 10 in Fighting
 16277 | Lair:3   | Received a gift from Okawaru
 17411 | Lair:4   | Reached skill level 10 in Armour
 17450 | Lair:4   | Received a gift from Okawaru
 17617 | Lair:4   | Identified the +5 scale mail "Vumugyt" {Rampage rC- Dex+5}
 17911 | Lair:5   | Entered Level 5 of the Lair of Beasts
 18321 | Lair:5   | Received a gift from Okawaru
 18874 | Lair:5   | Reached XP level 14. HP: 33/124 MP: 19/19
 19688 | Lair:5   | Noticed Urug
 19698 | Lair:5   | Killed Urug
 19875 | Lair:5   | Received a gift from Okawaru
 20274 | Lair:5   | Found a viscous altar of Jiyva.
 20274 | Lair:5   | Found a staircase to the Slime Pits.
 20703 | Orc:1    | Entered Level 1 of the Orcish Mines
 20708 | Orc:1    | Noticed Erolcha
 20712 | Orc:1    | Killed Erolcha
 20894 | Orc:1    | Found a transporter.
 20894 | Orc:1    | Found a one-way gate to the infinite horrors of the Abyss.
 20894 | Orc:1    | Noticed Omilar's ghost (journeyman DsNe)
 21110 | Orc:1    | Found a transporter.
 21641 | Orc:1    | Found a shimmering blue altar of Sif Muna.
 22006 | Orc:2    | Entered Level 2 of the Orcish Mines
 22021 | Orc:2    | Noticed Josephine
 22036 | Orc:2    | Killed Josephine
 22306 | Orc:2    | Noticed an orc warlord
 22338 | Orc:2    | Killed an orc warlord
 22339 | Orc:2    | Reached skill level 10 in Invocations
 22479 | Orc:2    | Found a staircase to the Elven Halls.
 22621 | Orc:2    | Found Boerumill's General Store.
 22636 | Orc:2    | Found Toopp's General Store.
 22969 | Orc:2    | Noticed an orc warlord
 22997 | Orc:2    | Killed an orc warlord
 23221 | Orc:2    | Noticed Maurice
 23229 | Orc:2    | Killed Maurice
 23230 | Orc:2    | Reached skill level 10 in Throwing
 23918 | Orc:2    | Reached XP level 15. HP: 47/136 MP: 17/22
 24220 | Orc:2    | Found Fotiunef's Jewellery Boutique.
 24220 | Orc:2    | Found Poyss's Antique Weapon Shop.
 24222 | Orc:2    | Found a one-way gate leading to the halls of Pandemonium.
 24726 | D:13     | Noticed a storm dragon
 24736 | D:13     | Killed a storm dragon
 24743 | D:13     | Found the +27 heavy crossbow "Sniper" {heavy, Acc+∞ SInv}
 24743 | D:13     | Noticed a frost giant
 25037 | D:13     | Killed a frost giant
 25184 | D:13     | Found the +10 dark maul {heavy}
 25300 | D:13     | Found a runed translucent gate.
 25300 | D:13     | Found a runed translucent gate.
 25300 | D:13     | Found a runed translucent gate.
 25300 | D:13     | Found an opulent altar of Gozag.
 25302 | D:13     | Noticed jejorda2's ghost (journeyman GnBe)
 25404 | D:13     | Reached skill level 1 in Ranged Weapons
 26541 | D:14     | Reached skill level 5 in Ranged Weapons
 26934 | D:14     | Found a gate to the Vaults.
 27291 | D:14     | Received a gift from Okawaru
 28078 | D:15     | Entered Level 15 of the Dungeon
 28437 | D:15     | Found a bloodstained altar of Trog.
 28456 | D:15     | HP: 4/136 [centaur[a centaur warrior] (5)]
 29064 | D:15     | Reached skill level 10 in Ranged Weapons
 29069 | D:15     | HP: 6/136 [red ugly thing (7)]
 29069 | D:15     | Demolished by a red ugly thing

Illustrated notes

Levels and vault maps discovered:
D:1:      minmay_arrival_four_houses, layout_basic, fountainhead, moated_statue,
          minmay_indecisive_spiral
D:2:      layout_basic, nicolae_elevator_lobby_asterisk, uniq_jessica,
          uniq_crazy_yiuf_cottage
D:3:      layout_loops_ring, chequers_serial_rivers_small_3, bh_walls_and_bars
D:4:      layout_cave_pods, nicolae_overflow_hidden_temple, uniq_natasha,
          uniq_sigmund, uniq_eustachio
D:5:      layout_basic, minmay_temple_entry_glass, nicolae_figureground_sparkle
D:6:      layout_loops_corners, serial_demonic, serial_demonic_e,
          serial_demonic_f, serial_demonic_g, serial_demonic_g, uniq_menkaure,
          uniq_edmund
D:7:      layout_rooms, hellmonk_ghost_happy_afterlife, uniq_jeremiah,
          uniq_pikel
D:8:      layout_basic, mainiacjoe_overflow_alcove_2, st_stairs_1, uniq_grum,
          uniq_erica
D:9:      layout_cave_pools, nicolae_yredelemnul_corpse_copse, serial_shops,
          nicolae_shop_tiny_statue_garden, serial_gnoll_camp,
          gnoll_camp_mini_shop, gnoll_camp_mini_basic,
          gnoll_camp_mini_loothouse, gnoll_camp_mini_hut, gnoll_camp_mini_shop
D:10:     layout_cave_pods, serial_shops, nicolae_square_shop,
          nicolae_shop_industrial_runoff, nicolae_shop_trees, shop,
          nicolae_shop_real_fake_doors, minivault_15
D:11:     layout_gridville, lair_entry_dummy, uniq_nergalle
D:12:     layout_stronghold, orc_0_dummy
D:13:     layout_loops_corners, ebering_ghost_gozag, fountainhead,
          minmay_diamond_spiral
D:14:     layout_basic, david_vaults_5, roderic_roman_lattice, minivault_10
D:15:     hangedman_depths_entry_civil_slaughter, layout_long_grid,
          nicolae_zig_zag_zippers, minmay_misc_feat_encased,
          hangedman_feature_mirror, uniq_agnes
Temple:   nicolae_temple_bog_church
Lair:1:   layout_regular_city, grunt_megastairs_2
Lair:2:   layout_long_grid, nicolae_snake_entry_squirm,
          infiniplex_staircase_pool
Lair:3:   layout_loops_ring, nicolae_shoals_entry_roost,
          nicolae_lair_lakeside_cave
Lair:4:   layout_misc_corridors, grunt_megastairs_5
Lair:5:   minmay_lair_end_frog_pond, layout_regular_city,
          dpeg_slime_entry_corner, portal_ice_cave_rime, grunt_megastairs_4,
          uniq_urug
Orc:1:    cheibrodos_orc_guarddog, layout_caves, gammafunk_ghost_abyssal_escape,
          kennysheep_orc_sif_temple, uniq_erolcha
Orc:2:    pf_orc_diabolical, layout_caves, uniq_josephine, uniq_maurice

Skill      XL: |  1  2  3  4  5  6  7  8  9 10 11 12 13 14 15 |
---------------+----------------------------------------------+-----
Axes           | 4 5 6 7 8 10 11 14 17 19 20 | 20.0
Armour         | 5 8 10 12 13 | 13.0
Fighting       | 7 9 11 13 | 13.5
Invocations    | 4 7 9 10 11 | 11.0
Dodging        | 4 |  4.5
Throwing       | 3 6 8 10 | 10.6
Ranged Weapons | 10 | 10.1

Action                     |  1- 3 |  4- 6 |  7- 9 | 10-12 | 13-15 || total
---------------------------+-------+-------+-------+-------+-------++-------
  Melee: Hand axe          |    74 |    89 |   158 |    62 |       ||   383
         Headbutt          |    17 |    19 |    53 |   123 |   148 ||   360
         Battleaxe         |       |       |    48 |   221 |       ||   269
         War axe           |       |       |       |   280 |       ||   280
         Broad axe         |       |       |       |    38 |   700 ||   738
   Fire: Heavy crossbow    |       |       |       |       |   146 ||   146
  Throw: Javelin           |       |       |       |    20 |    31 ||    51
         Boomerang         |       |       |       |    84 |    24 ||   108
 Invoke: Heroism           |       |       |     7 |    16 |    18 ||    41
         Finesse           |       |       |       |    12 |    21 ||    33
         Receive Weapon    |       |       |       |     1 |       ||     1
         Receive Armour    |       |       |       |     1 |       ||     1
  Evoke: Wand              |       |       |       |       |     2 ||     2
    Use: Potion            |       |     1 |     1 |       |     7 ||     9
         Scroll            |       |       |    15 |     7 |    14 ||    36
 Armour: Robe              |    23 |    14 |       |       |       ||    37
         Ring mail         |       |    47 |    74 |   253 |   357 ||   731
         Chain mail        |       |       |    29 |   156 |       ||   185
         Plate armour      |       |       |       |       |   428 ||   428
  Dodge: Dodged            |    51 |    66 |    80 |   258 |   437 ||   892
  Block: Buckler           |       |       |       |    57 |    94 ||   151

Table legend: (Time is in decaauts)
 A = Elapsed time spent in this place.
 B = Non-inter-level travel time spent in this place.
 C = Inter-level travel time spent in this place.
 D = Time resting spent in this place.
 E = Time spent auto-exploring this place.
 F = Levels seen in this place.
 G = Mean time per level.
                   A        B        C        D        E       F      G
               +--------+--------+--------+--------+--------+-----+--------+
         Total |  28930 |  27627 |   1303 |      0 |  23809 |  23 | 1257.8 |
       Dungeon |  18728 |  17745 |    983 |      0 |  15361 |  15 | 1248.5 |
        Temple |     16 |      3 |     13 |      0 |      0 |   1 |   16.0 |
          Lair |   6860 |   6662 |    198 |      0 |   5753 |   5 | 1372.0 |
  Orcish Mines |   3324 |   3215 |    109 |      0 |   2694 |   2 | 1662.0 |
               +--------+--------+--------+--------+--------+-----+--------+

Top non-repeatable levels by time:
    D:14: 2334 daAuts
  Lair:4: 2086 daAuts
   Orc:2: 1959 daAuts
  Lair:3: 1586 daAuts
    D:12: 1577 daAuts
    D:10: 1538 daAuts
     D:8: 1451 daAuts
    D:11: 1416 daAuts
     D:6: 1380 daAuts
   Orc:1: 1364 daAuts
  Lair:5: 1361 daAuts
    D:13: 1360 daAuts
     D:9: 1311 daAuts
  Lair:1: 1138 daAuts
    D:15: 1099 daAuts
